Map: Vaani Research Station (Void)

Players

SwingSc2 - Winner!

  • Race: Zerg Zerg
  • League: Diamond
  • Spawn Location: 6:00

Gorod

  • Race: Zerg Zerg
  • League: Diamond
  • Spawn Location: 12:00

VOD

Have the link to the VOD?

Description

Time

  • Played on: Dec. 14, 2016, 12:50 p.m.
  • Length: 11:01
Show
View Real Time Build Order
Export as new Build Order

SwingSc2 Zerg - Winner!

Build Orders: Hatch First, Muta Ling Bane 

Get SALT Encoding   

  12  0:01  Drone  
  13  0:13  Overlord  
  13  0:22  Drone  
  14  0:35  Drone x2  
  16  0:38  Drone  
  17  0:58  Drone  
  17  0:59  Hatchery  
  17  1:03  Drone, Extractor  
  17  1:20  Spawning Pool  
  17  1:23  Extractor  
  15  1:32  Drone  
  15  1:33  Drone x2  
  18  1:45  Drone  
  19  1:56  Drone  
  20  2:11  Queen, Zergling x2  
  20  2:12  Queen  
  20  2:13  Overlord  
  25  2:18  Drone  
  25  2:22  Metabolic Boost  
  26  2:24  Drone  
  26  2:28  Zergling x2  
  28  2:36  Zergling x2  
  29  2:53  Drone x3  
  32  3:06  Drone x2  
  32  3:09  Drone  
  35  3:13  Drone  
  35  3:15  Baneling Nest  
  34  3:37  Lair  
  34  3:38  Drone x2  
  34  3:40  Overlord  
  34  3:41  Overlord x2  
  36  3:59  Drone  
  36  4:00  Drone x5  
  41  4:24  Drone  
  41  4:25  Drone  
  41  4:28  Zergling x10  
  48  4:33  Baneling x3  
  48  4:42  Drone, Spire  
  48  4:46  Drone x3, Extractor  
  48  4:47  Drone x2  
  48  4:48  Drone  
  52  4:53  Zergling x2  
  52  4:57  Zergling x4  
  52  4:59  Baneling x3  
  55  5:00  Baneling  
  55  5:05  Zergling x2  
  55  5:06  Zergling x4  
  57  5:21  Drone  
  58  5:25  Extractor  
  58  5:26  Drone  
  58  5:27  Drone  
  59  5:29  Hatchery  
  59  5:30  Baneling x4  
  59  5:31  Zergling x4  
  59  5:42  Baneling x3  
  59  5:44  Zergling x2  
  58  5:59  Overlord  
  58  6:00  Overlord x2  
  56  6:05  Zergling x2  
  56  6:06  Zergling x6  
  60  6:23  Mutalisk x6  
  72  6:28  Zergling x2  
  73  6:36  Baneling x2  
  73  6:37  Baneling x3, Zergling x2  
  73  6:38  Zergling x2  
  73  6:42  Queen  
  73  6:44  Drone x4  
  73  6:45  Drone  
  80  6:50  Drone  
  79  7:13  Drone x3, Extractor  
  79  7:14  Drone x3, Extractor  
  83  7:26  Zerg Flyer Armor Level 1  
  83  7:27  Mutalisk x3  
  83  7:29  Overlord  
  89  7:30  Overlord x2  
  89  7:36  Overlord x3  
  89  7:45  Baneling x2  
  89  7:46  Baneling x5  
  89  7:47  Centrifical Hooks  
  89  7:49  Zergling x4  
  89  7:50  Zergling x10  
  92  8:09  Zergling x12  
  92  8:10  Zergling x10  
  92  8:42  Baneling  
  92  8:43  Baneling x3, Zergling x2  
  92  8:44  Zergling x14  
  100  8:49  Baneling x4  
  84  9:13  Mutalisk  
  84  9:14  Mutalisk x12  
  107  9:21  Drone x3  
  110  9:32  Zergling x2  
  110  9:33  Zergling x6  
  110  9:34  Baneling x3  
  110  9:35  Baneling x3  
  114  9:51  Mutalisk x2  
  116  9:53  Zergling x2  
  116  9:54  Zergling x14  
  124  10:02  Spore Crawler  
  124  10:05  Hatchery, Spore Crawler  
  121  10:11  Drone x3  
  121  10:12  Drone x2  
  121  10:19  Spore Crawler  
  120  10:23  Spore Crawler x2  
  120  10:26  Drone x3  
  121  10:28  Zergling x2  
  121  10:29  Zergling x20  
  132  10:39  Drone x3  
  135  10:43  Baneling x2  
  135  10:44  Baneling x5  
Show
View Real Time Build Order
Export as new Build Order

Gorod Zerg 

Build Orders: Hatch First 

Get SALT Encoding   

  12  0:06  Drone  
  13  0:09  Drone  
  14  0:20  Drone, Extractor  
  15  0:41  Hatchery  
  14  0:46  Extractor  
  14  0:47  Drone  
  15  1:03  Spawning Pool  
  14  1:15  Evolution Chamber  
  14  1:16  Drone  
  14  1:19  Extractor  
  14  1:20  Drone  
  14  1:25  Overlord  
  14  1:43  Drone  
  14  1:44  Drone  
  16  1:49  Drone  
  16  1:51  Queen  
  19  1:56  Zergling x2  
  20  2:02  Zergling x2  
  20  2:06  Drone  
  22  2:11  Drone  
  23  2:21  Drone  
  23  2:22  Metabolic Boost  
  24  2:27  Drone  
  25  2:31  Drone  
  25  2:33  Drone  
  27  2:42  Overlord  
  27  3:02  Drone x7  
  32  3:40  Queen  
  32  3:41  Drone, Overlord  
  35  3:47  Evolution Chamber  
  34  3:50  Baneling Nest  
  33  3:56  Overlord  
  33  3:58  Drone x2  
  35  4:04  Extractor  
  35  4:05  Evolution Chamber  
  35  4:06  Zergling x6  
  35  4:26  Zerg Melee Weapons Level 1  
  35  4:28  Zergling x4  
  35  4:29  Zergling x2  
  38  4:34  Baneling x2  
  38  4:38  Zerg Ground Armor Level 1  
  38  4:44  Zergling x2  
  38  4:45  Zergling x14  
  43  4:55  Zergling x6  
  46  5:01  Baneling  
  43  5:26  Drone x8  
  50  5:45  Baneling x3, Zergling x2  
  44  6:19  Zergling x16  
  51  6:39  Zergling x2  
  51  6:40  Zergling x6  
  52  6:48  Lair  
  52  6:57  Overlord x4  
  51  7:03  Hatchery  
  51  7:05  Extractor  
  51  7:06  Extractor  
  41  7:15  Spore Crawler  
  41  7:16  Spore Crawler  
  41  7:21  Spore Crawler  
  41  7:22  Zergling x24, Spore Crawler  
  46  7:35  Drone  
  46  7:36  Drone  
  48  7:46  Zergling x6  
  48  7:47  Zergling x2  
  52  7:54  Spire  
  52  7:56  Spore Crawler  
  42  8:10  Zergling x14  
  42  8:24  Drone x2  
  42  8:26  Hatchery  
  42  8:33  Spore Crawler  
  41  8:36  Zergling x6  
  42  8:47  Zergling x10  
  42  8:48  Zergling x4  
  47  9:07  Zergling x10  
  47  9:08  Zergling x2  
  46  9:12  Queen  
  46  9:16  Mutalisk  
  45  9:17  Mutalisk x4  
  55  9:26  Zergling x2  
  53  9:47  Zergling x20  
  53  9:48  Queen  
  57  10:01  Infestation Pit  
  54  10:15  Zergling x2  
  54  10:16  Zergling x22  
  58  10:31  Zergling x8  
  58  10:33  Zergling x6  
  64  10:43  Spore Crawler  
  64  10:44  Spore Crawler  
Tags
 
Add a new tag
Caveats
  • Supply blocks, unpowered buildings, or Contaminate may cause inaccurate times.
  • Supply counts are checked every 10 seconds.